 Dungeon Crawl Stone Soup version 0.27.1-2-g3b301248ec (webtiles) character file.

Game seed: 4831946550247791635

275 ABBCCCDDDD the Skirmisher (level 6, -2/43 HPs)
             Began as an Octopode Abyssal Knight on Sept 28, 2021.
             Was a Believer of Lugonu.
             Slain by an ogre (20 damage)
             ... on level 5 of the Dungeon.
             The game lasted 00:04:20 (5505 turns).

ABBCCCDDDD the Skirmisher (Octopode Abyssal Knight) Turns: 5505, Time: 00:04:20

Health: -2/43      AC:  1    Str: 11    XL:     6   Next: 25%
Magic:  8/8        EV: 13    Int: 17    God:    Lugonu [**....]
Gold:   199        SH:  4    Dex: 11    Spells: 3/5 levels left

rFire    . . .     SeeInvis .   a - +1 mace
rCold    . . .     Faith    .   i - +0 buckler
rNeg     . . .     Spirit   .   (helmet restricted)
rPois    .         Reflect  .   (no amulet)
rElec    .         Harm     .   (no ring)
rCorr    .         Rampage  .   (no ring)
Will     .....                  (no ring)
Stlth    ++........             (no ring)
HPRegen  0.14/turn              (no ring)
MPRegen  0.11/turn              (no ring)
                                (no ring)
                                (no ring)

@: no status effects
A: almost no armour, amphibious, 8 rings, camouflage 1, gelatinous body 1,
(nimble swimmer 1), tentacles
a: Renounce Religion, Depart the Abyss, Bend Space


You were on level 5 of the Dungeon.
You worshipped Lugonu.
Lugonu was pleased with you.
You visited 1 branch of the dungeon, and saw 5 of its levels.
You visited the Abyss 1 time.

You collected 199 gold pieces.

Inventory:

Hand Weapons
 a - a +1 mace (weapon)
Missiles
 m - 5 atropa-tipped darts (quivered)
 q - 17 poisoned darts
Armour
 i - a +0 buckler (worn)
Scrolls
 b - a scroll of magic mapping {unknown}
 c - 2 scrolls of holy word {unknown}
 h - 5 scrolls of identify {unknown}
 j - 2 scrolls of enchant armour {unknown}
 l - a scroll of fog {unknown}
Potions
 d - a potion of mutation {unknown}
 e - 3 potions of curing {unknown}
 f - a potion of heal wounds {unknown}
 g - 2 potions of berserk rage {unknown}
 k - a potion of brilliance {unknown}
 n - a potion of flight {unknown}
 o - a potion of ambrosia {unknown}
 p - 2 potions of might {unknown}


   Skills:
 + Level 4.1 Fighting
 + Level 3.4 Maces & Flails
 - Level 2.3 Dodging
 + Level 2.3 Shields
 + Level 2.3 Poison Magic
 + Level 3.6 Invocations


You had 3 spell levels left.
You knew the following spells:

 Your Spells              Type           Power      Damage    Failure   Level
a - Poisonous Vapours     Pois/Air       6%         N/A       28%         2

Your spell library contained the following spells:

 Spells                   Type           Power      Damage    Failure   Level
 Corpse Rot               Necr/Air       N/A        N/A       41%         2
 Summon Lightning Spire   Summ/Air       0%         N/A       96%         4
 Freezing Cloud           Conj/Ice/Air   0%         6-21      100%        5
 Storm Form               Tmut/Air       0%         N/A       100%        7
 Maxwell's Capacitive Co  Air            0%         ∞         100%        8


Dungeon Overview and Level Annotations

Branches:
Dungeon (5/15)
 Temple: D:4-7

Altars:
Cheibriados
Dithmenos
Kikubaaqudgha
Trog
Yredelemnul

Shops:
D:4 [

Annotations:
D:3 Sigmund
D:5 exclusion: wraith


Innate Abilities, Weirdness & Mutations

You cannot wear most types of armour.
You are amphibious.
You can wear up to eight rings at the same time.
Your skin changes colour to match your surroundings (Stealth+).
Your rubbery body absorbs attacks. (AC +1, EV +1)
((You are camouflaged near water. (Stealth+)))
You have tentacles for arms and can constrict up to eight enemies at once.


Message History

Press: ? - help, Q - select action, (/) - cycle Shift-Dir - straight line, f - ogre
Aim: an ogre, wielding a +0 giant club (73% to hit)
You throw a poisoned dart.
The poisoned dart barely misses the ogre.
A quokka comes into view.
Throw: 19 darts (poison)
Press: ? - help, Q - select action, (/) - cycle Shift-Dir - straight line, f/p - ogre
Aim: an ogre, wielding a +0 giant club (73% to hit)
You throw a poisoned dart. The poisoned dart hits the ogre.
The ogre is poisoned.
Throw: 18 darts (poison)
Press: ? - help, Q - select action, (/) - cycle Shift-Dir - straight line, f/p - ogre
Aim: an ogre, wielding a +0 giant club (poisoned, 73% to hit)
You throw a poisoned dart. The poisoned dart hits the ogre.
The ogre looks even sicker.
Throw: 7 darts (atropa)
Press: ? - help, Q - select action, (/) - cycle Shift-Dir - straight line, f/p - ogre
Aim: an ogre, wielding a +0 giant club (lightly wounded, poisoned, 73% to hit, chance to blind on hit: 27%)
You throw an atropa-tipped dart. The atropa-tipped dart hits the ogre.
The ogre resists.
The ogre is lightly wounded.
The ogre barely misses you.
You hit the ogre.
The ogre is lightly wounded.
The ogre hits you with a +0 giant club!!
Throw: 6 darts (atropa)
Press: ? - help, Q - select action, (/) - cycle Shift-Dir - straight line, f/p - ogre
Aim: an ogre, wielding a +0 giant club (lightly wounded, poisoned, 73% to hit, chance to blind on hit: 27%)
You throw an atropa-tipped dart. The atropa-tipped dart hits the ogre.
The ogre appears confused.
The ogre is lightly wounded.
The quokka bites you.
You barely miss the ogre. You squeeze the ogre!
The ogre is heavily wounded.
The ogre seems less confused.
The quokka bites you. The ogre misses you. The quokka bites you.
You hit the ogre. Your squeeze misses the ogre.
The ogre is severely wounded.
The ogre hits you with a +0 giant club!!
You die...

########################.#
#.......................W.
#.##########...####.#..#.#
#.##########...####.#..#
#......................
#.......####...######.#
####........O@....# ..
.......##....r..<#.# #.
.......##...######.# ..
........##..........#
...........r.########
............##
####+#.#...######
#>...........
###...######.


You could see an ogre (blind, poisoned) and a quokka.

Levels and vault maps discovered:
D:1:      dpeg_arrival_circle_labyrinth_a, layout_basic
D:2:      layout_rooms, basic_ecumenical_altar, minmay_misc_feat_encased,
          kennysheep_jessica_study
D:3:      layout_basic, nicolae_overflow_hidden_temple, uniq_terence,
          uniq_sigmund
D:4:      layout_loops_ring, chequers_temple_overflow_statue_of_worship,
          mainiacjoe_overflow_six_doors_small, serial_shops,
          nicolae_shop_statue_plus
D:5:      black_bear_nest_1, layout_basic, kennysheep_another_room,
          uniq_prince_ribbit1

Notes
Turn   | Place    | Note
-------+----------+-------------------------------------------
     0 | Abyss:1  | ABBCCCDDDD the Octopode Abyssal Knight began the quest for
                  | the Orb.
     0 | Abyss:1  | Reached XP level 1. HP: 16/16 MP: 2/2
    59 | D:1      | Escaped the Abyss
   907 | D:1      | Reached XP level 2. HP: 21/21 MP: 3/3
  1276 | D:1      | Reached * piety under Lugonu
  1757 | D:2      | Reached XP level 3. HP: 22/26 MP: 4/4
  1846 | D:2      | Noticed Jessica
  1854 | D:2      | Killed Jessica
  1855 | D:2      | Reached skill level 1 in Shields
  2311 | D:2      | Reached XP level 4. HP: 20/31 MP: 6/6
  2535 | D:2      | Learned a level 2 spell: Poisonous Vapours
  2934 | D:2      | Found a faded altar of an unknown god.
  3181 | D:3      | Found a bloodstained altar of Trog.
  3184 | D:3      | Reached skill level 1 in Poison Magic
  3184 | D:3      | Reached XP level 5. HP: 20/37 MP: 7/7
  3338 | D:3      | Noticed Sigmund
  3646 | D:3      | Noticed Terence
  3654 | D:3      | Killed Terence
  4181 | D:4      | Found a basalt altar of Yredelemnul.
  4181 | D:4      | Found a snail-covered altar of Cheibriados.
  4181 | D:4      | Found an ancient bone altar of Kikubaaqudgha.
  4301 | D:4      | Noticed an ogre
  4863 | D:4      | Reached XP level 6. HP: 43/43 MP: 8/8
  4935 | D:4      | Reached ** piety under Lugonu
  4936 | D:4      | Reached skill level 4 in Fighting
  5107 | D:4      | Found a shadowy altar of Dithmenos.
  5195 | D:4      | Found Monolua's Armour Shoppe.
  5444 | D:5      | Entered Level 5 of the Dungeon
  5455 | D:5      | Noticed a wraith
  5505 | D:5      | Slain by an ogre

Table legend: (Time is in decaauts)
 A = Elapsed time spent in this place.
 B = Non-inter-level travel time spent in this place.
 C = Inter-level travel time spent in this place.
 D = Time resting spent in this place.
 E = Time spent auto-exploring this place.
 F = Levels seen in this place.
 G = Mean time per level.
                   A        B        C        D        E       F      G
               +--------+--------+--------+--------+--------+-----+--------+
         Total |   5538 |   5342 |    196 |   1947 |   2712 |   7 |  791.1 |
       Dungeon |   5480 |   5284 |    196 |   1947 |   2691 |   5 | 1096.0 |
         Abyss |     58 |     58 |      0 |      0 |     21 |   2 |   29.0 |
               +--------+--------+--------+--------+--------+-----+--------+

Top non-repeatable levels by time:
     D:1: 1699 daAuts
     D:2: 1424 daAuts
     D:3: 1162 daAuts
     D:4: 1132 daAuts
     D:5: 61 daAuts
 Abyss:1: 41 daAuts
 Abyss:2: 17 daAuts

Table legend:
 A = Kills in this place as a percentage of kills in entire the game.
 B = Kills by you in this place as a percentage of kills by you in the entire game.
 C = Kills by friends in this place as a percentage of kills by friends in the entire game.
 D = Other kills in this place as a percentage of other kills in the entire game.
 E = Experience gained in this place as a percentage of experience gained in the entire game.
 F = Experience gained in this place divided by the number of levels of this place that you have seen.
                   A       B       C       D       E      F
               +-------+-------+-------+-------+-------+----------------------
         Total | 100.0 | 100.0 |   N/A |   N/A | 100.0 |  56.3
       Dungeon | 100.0 | 100.0 |   N/A |   N/A | 100.0 |  78.8
               +-------+-------+-------+-------+-------+----------------------

Action                   |  1- 3 |  4- 6 || total
-------------------------+-------+-------++-------
Melee: Mace              |    57 |   111 ||   168
       Tentacles         |     6 |    15 ||    21
       Constrict         |    11 |    22 ||    33
Throw: Dart              |       |     9 ||     9
Invok: Depart the Abyss  |     1 |       ||     1
  Use: Potion            |     1 |       ||     1
 Stab: Sleeping          |     6 |     2 ||     8
       Invisible         |       |     1 ||     1
Armor: Skin              |     6 |     3 ||     9
Dodge: Dodged            |    44 |    90 ||   134
Block: Buckler           |     8 |    24 ||    32

Vanquished Creatures
  A water moccasin skeleton (D:4)
  A jelly (D:3)
  Jessica (D:2)
  Terence (D:3)
  4 gnolls (D:4)
  4 adders
  An adder skeleton (D:3)
  A dart slug (D:2)
  10 ball pythons
  5 bats
  8 endoplasms
  2 giant cockroaches
  7 goblins
  5 hobgoblins
  6 jackals
  5 kobolds
  4 quokkas
  2 frilled lizards
  3 rats
71 creatures vanquished.
